 Dungeon Crawl Stone Soup version 0.22-a0-224-g8cf3520 (webtiles) character file.

7 Gorglomux the Sneak (level 1, -2/9 HPs)
             Began as a Spriggan Enchanter on Feb 19, 2018.
             Killed from afar by a dart slug (5 damage)
             ... with a slug dart
             ... on level 1 of the Dungeon.
             The game lasted 00:01:17 (592 turns).

Gorglomux the Sneak (Spriggan Enchanter)             Turns: 592, Time: 00:01:18

Health: -2/9       AC:  2    Str:  4    XL:     1   Next: 91%
Magic:  5/5        EV: 18    Int: 16    God:
Gold:   0          SH:  0    Dex: 16    Spells: 4/5 levels left

rFire    . . .     SeeInvis +   a - +1 dagger
rCold    . . .     Gourm    .   (shield restricted)
rNeg     . . .     Faith    .   b - +0 robe
rPois    .         Spirit   .   (helmet restricted)
rElec    .         Reflect  .   (no cloak)
rCorr    .         Harm     .   (gloves unavailable)
MR       .....                  (boots unavailable)
Stlth    +++.......             (no amulet)
HPRegen  0.03/turn              (no ring)
MPRegen  0.09/turn              (no ring)

@: very quick
A: very small, unfitting armour, see invisible, herbivore, speed 3, slow
metabolism 2
a: no special abilities


You were on level 1 of the Dungeon.
You were not hungry.

You visited 1 branch of the dungeon, and saw 1 of its levels.

Inventory:

Hand Weapons
 a - a +1 dagger (weapon)
Armour
 b - a +0 robe (worn)
Comestibles
 c - a ration


   Skills:
 + Level 1.7 Short Blades
 - Level 3.0 Dodging
 + Level 4.9 Stealth
 - Level 2.6 Spellcasting
 - Level 3.6 Hexes


You had 4 spell levels left.
You knew the following spells:

 Your Spells              Type           Power        Failure   Level  Hunger
a - Corona                Hex            ##.....      4%          1    #......


Dungeon Overview and Level Annotations

Branches:
Dungeon (1/15)

Altars:


Innate Abilities, Weirdness & Mutations

You are very small and have problems with some larger weapons.
You are too small for most types of armour.
You have supernaturally acute eyesight. (SInv)
You are a herbivore.
You cover ground extremely quickly.
You need consume almost no food.


Message History

A kobold opens the door!
It is wielding a short sword!
You close the door!
A butt opens the door!
You close the door!
A kobold opens the butt!
As you close the door, it creaks loudly!!!
A kobold opens the door!
You close the door!
A kobold opens the butt!
You close the door!
A kobold opens the door!
You close the door!
A kobold opens the door!
You close the door!
A kobold opens the door!
Butt close the door!
A kobold opens the door!
You close the door!
A kobold opens the door!
You close the door!
A kobold opens the door!
You close the door!
A kobold opens the door!
You close the door!
A kobold opens the door!
You close the door!
A kobold opens the door!
You close the door!
A kobold opens the door!
The dart slug launches a dart at butt!
The slug dart hits you!!!
DANG rip

..#.# ..#####.####
..#.#####..# #.###
..#.##.....# #...#
...........# #.#.#
..#.#....##### ###.#
....#....'...#####.#
.........###....##.#
######...# #....##.#
#...# #....@w.# #...#
#####'### #...# #.K.#
########## #...# ....#
###...### ....######
#......<#
.........####.......####
########.#..!..........#
#.'......⌠......+


You could see a dart slug and a kobold.

Vanquished Creatures
  2 giant cockroaches (D:1)
  A goblin (D:1)
  A hobgoblin (D:1)
  A frilled lizard (D:1)
  A kobold (D:1)
  A rat (D:1)
7 creatures vanquished.

Notes
Turn   | Place    | Note
-------+----------+-------------------------------------------
     0 | D:1      | Gorglomux the Spriggan Enchanter began the quest for the Orb.
     0 | D:1      | Reached XP level 1. HP: 9/9 MP: 5/5
   592 | D:1      | Killed from afar by a dart slug

Vault maps used:
D:1:      minmay_arrival_cross

Action                   || total
-------------------------++-------
Melee: Dagger            ||    32
 Cast: Corona            ||     7
 Stab: Sleeping          ||     2
Armor: Robe              ||     1
Dodge: Dodged            ||    19

Table legend:
 A = Spawn XP
 B = Non-spawn XP
 C = Spawn XP percentage of total XP
 D = Spawn monster count
 E = Non-spawn monster count
 F = Spawn count percentage of total count
 G = Total turns spent on level
                    A         B        C        D         E        F      G
               +---------+---------+-------+---------+---------+-------+---------
         Total |       0 |      11 |   0.0 |       0 |       7 |   0.0 |   592
               +---------+---------+-------+---------+---------+-------+---------
           D:1 |       0 |      11 |   0.0 |       0 |       7 |   0.0 |   592
               +---------+---------+-------+---------+---------+-------+---------
